Workbook
Name CategoryLookup: '[1]Check Register'!$B$17:$B$19

Sheet Summary
A1: SOC | B1: 22012 | C1: 21016 | D1: 25105 | E1: 25715 | F1: 25226 | G1: Total
A2: Base Year | B2: ='Base Year'!G14 -> 863750 | C2: ='Base Year'!G18 -> 25000 | D2: ='Base Year'!G30 -> 1005000 | E2: ='Base Year'!G36 -> 200000 | F2: ='Base Year'!G51 -> 95000 | G2: =SUM(B2:F2) -> 2188750
A3: Option Year 1 | B3: ='Option Year 1'!G13 -> 481250 | C3: ='Option Year 1'!G17 -> 26000 | D3: ='Option Year 1'!G29 -> 829000 | E3: ='Option Year 1'!G35 -> 207500 | F3: ='Option Year 1'!G50 -> 98150 | G3: =SUM(B3:F3) -> 1641900
A4: Option Year 2 | B4: ='Option Year 2'!G13 -> 498250 | C4: ='Option Year 2'!G17 -> 27000 | D4: ='Option Year 2'!G29 -> 854250 | E4: ='Option Year 2'!G35 -> 215000 | F4: ='Option Year 2'!G50 -> 101900 | G4: =SUM(B4:F4) -> 1696400
A5: Option Year 3 | B5: ='Option Year 3'!G13 -> 513250 | C5: ='Option Year 3'!G17 -> 27500 | D5: ='Option Year 3'!G29 -> 883125 | E5: ='Option Year 3'!G35 -> 220000 | F5: ='Option Year 3'!G50 -> 105000 | G5: =SUM(B5:F5) -> 1748875
A6: Option Year 4 | B6: ='Option Year 4'!G13 -> 532750 | C6: ='Option Year 4'!G17 -> 28500 | D6: ='Option Year 4'!G29 -> 909500 | E6: ='Option Year 4'!G35 -> 230000 | F6: ='Option Year 4'!G50 -> 108400 | G6: =SUM(B6:F6) -> 1809150
A7: FAR 52.217-8 | B7: ='52.217-8'!G13 -> 266375 | C7: ='52.217-8'!G17 -> 14250 | D7: ='52.217-8'!G29 -> 454750 | E7: ='52.217-8'!G35 -> 115000 | F7: ='52.217-8'!G50 -> 54200 | G7: =SUM(B7:F7) -> 904575
A8: Total | B8: =SUM(B2:B7) -> 3155625 | C8: =SUM(C2:C7) -> 148250 | D8: =SUM(D2:D7) -> 4935625 | E8: =SUM(E2:E7) -> 1187500 | F8: =SUM(F2:F7) -> 562650 | G8: =SUM(G2:G7) -> 9989650

Sheet Base Year
A1: JAAC NATIONAL CONTRACT BASE YEAR
A2: TRANSPORTATION
A3: CLIN | B3: DESCRIPTION | C3: Est. Qty. | D3: Unit | E3: Unit Price | F3: Total Price
A4: 1 | B4: Assets $0 - $5,000
B5: Transportation | C5: 275000 | D5: STO | E5: FFP (TBD) | F5: =ROUND(C5,2) -> 275000
B6: Administrative Fee | D6: Fix Fee | E6: 0.05 | F6: =ROUND(C5*E6,2) -> 13750
A7: 2 | B7: Assets $5,001 or Greater
B8: Transportation | C8: 125000 | D8: STO | E8: FFP (TBD) | F8: =ROUND(C8,2) -> 125000
B9: Administrative Fee | C9: 51 | D9: EA | F9: =ROUND(C9*E9,2) -> 0
A11: 3 | B11: Labor - Direct Contractor | C11: 50 | D11: HR | F11: =ROUND(C11*E11,2) -> 0
A12: 4 | B12: Packaging Services | C12: 50000 | D12: STO | E12: FFP (TBD) | F12: =ROUND(C12,2) -> 50000
A13: 9999 | B13: Initial Relocation of Assets - N/A INCUMBENT AWARD | C13: 400000 | D13: STO | E13: FFP (TBD) | F13: =ROUND(C13,2) -> 400000
A14: SOC | B14: 22012 | G14: =SUM(F4:F13) -> 863750
A15: TRAVEL
A16: CLIN | B16: DESCRIPTION | C16: Est. Qty. | D16: Unit | E16: Unit Price | F16: Total Price
A17: 5 | B17: Travel | C17: 25000 | D17: STO | E17: FFP (TBD) | F17: =ROUND(C17,2) -> 25000
A18: SOC | B18: 21016 | G18: =F17 -> 25000
A19: APPRAISALS SERVICES
A20: CLIN | B20: DESCRIPTION | C20: Est. Qty. | D20: Unit | E20: Unit Price | F20: Total Price
A21: 6 | B21: Certified Appraisal
B22: Apprasal Services | C22: 500000 | D22: STO | E22: FFP (TBD) | F22: =ROUND(C22,2) -> 500000
B23: Administrative Fee | D23: Fix Fee | E23: 0.05 | F23: =ROUND(C22*E23,2) -> 25000
A25: 7 | B25: Legal and Court Testimony | C25: 50 | D25: HR | F25: =ROUND(C25*E25,2) -> 0
A26: 8 | B26: Diamond and Gemstone Certification | C26: 15000 | D26: STO | E26: FFP (TBD) | F26: =ROUND(C26,2) -> 15000
A27: 9 | B27: Consultation Services | C27: 50000 | D27: STO | E27: FFP (TBD) | F27: =ROUND(C27,2) -> 50000
A28: 10 | B28: System Charges | C28: 400000 | D28: STO | E28: FFP (TBD) | F28: =ROUND(C28,2) -> 400000
A29: 11 | B29: Miscellaneous Expenses | C29: 15000 | D29: STO | E29: FFP (TBD) | F29: =ROUND(C29,2) -> 15000
A30: SOC | B30: 25105 | G30: =SUM(F21:F29) -> 1005000
A31: STORAGE
A32: CLIN | B32: DESCRIPTION | C32: Est. Qty. | D32: Unit | E32: Unit Price | F32: Total Price
A33: 12 | B33: Alternate Storage Location | C33: 200000 | D33: STO | E33: FFP (TBD) | F33: =ROUND(C33,2) -> 200000
A34: 13 | B34: Conditioning Services | C34: 100 | D34: HR | F34: =ROUND(C34*E34,2) -> 0
A35: 14 | B35: Inventorying Services | C35: 400 | D35: HR | F35: =ROUND(C35*E35,2) -> 0
A36: SOC | B36: 25715 | G36: =SUM(F33:F35) -> 200000
A37: DISPOSAL
A38: CLIN | B38: DESCRIPTION | C38: Est. Total Sales Per Year | D38: Unit | E38: Unit Price | F38: Total Price
A39: 15 | B39: Commission Online Auction $0-$25,000 | C39: 11000000 | D39: Sales Proceeds | F39: =ROUND(C39*E39,2) -> 0
A40: 16 | B40: Commission Online Auction $25,001-$100,000 | C40: 8300000 | D40: Sales Proceeds | F40: =ROUND(C40*E40,2) -> 0
A41: 17 | B41: Commission Online Auction $100,001+ | C41: 4300000 | D41: Sales Proceeds | F41: =ROUND(C41*E41,2) -> 0
A42: 18 | B42: Commission Live Auction $0-$25,000 | C42: 1000000 | D42: Sales Proceeds | F42: =ROUND(C42*E42,2) -> 0
A43: 19 | B43: Commission Live Auction $25,001-$100,000 | C43: 1000000 | D43: Sales Proceeds | F43: =ROUND(C43*E43,2) -> 0
A44: 20 | B44: Commission Live Auction $100,001+ | C44: 1500000 | D44: Sales Proceeds | F44: =ROUND(C44*E44,2) -> 0
A45: 21 | B45: Smelting | C45: 25000 | D45: Sales Proceeds | F45: =ROUND(C45*E45,2) -> 0
A46: CLIN | B46: DESCRIPTION | C46: Est. Qty. | D46: Unit | E46: Unit Price | F46: Total Price
A47: 22 | B47: Daily Sales Facilitation Fee | C47: 5 | D47: EA | F47: =ROUND(C47*E47,2) -> 0
A48: 23 | B48: EFT Fees | C48: 5000 | D48: STO | E48: FFP (TBD) | F48: =ROUND(C48,2) -> 5000
A49: 24 | B49: Live Auction Venue | C49: 50000 | D49: STO | E49: FFP (TBD) | F49: =ROUND(C49,2) -> 50000
A50: 25 | B50: Destruction | C50: 40000 | D50: STO | E50: FFP (TBD) | F50: =ROUND(C50,2) -> 40000
A51: SOC | B51: 25226 | G51: =SUM(F39:F50) -> 95000
A53: ESTIMATED TOTAL PRICE FOR BASE YEAR (CLIN 0001-0025 & 9999): | G53: =SUM(G3:G51) -> 2188750
A55: See Statement of Work for full definition of each CLIN/Service.

Sheet Option Year 1
A1: JAAC NATIONAL CONTRACT OPTION YEAR 1
A2: TRANSPORTATION
A3: CLIN | B3: DESCRIPTION | C3: Est. Qty. | D3: Unit | E3: Unit Price | F3: Total Price
A4: 1001 | B4: Assets $0 - $5,000
B5: Transportation | C5: 285000 | D5: STO | E5: FFP (TBD) | F5: =ROUND(C5,2) -> 285000
B6: Administrative Fee | D6: Fix Fee | E6: 0.05 | F6: =ROUND(C5*E6,2) -> 14250
A7: 1002 | B7: Assets $5,001 or Greater
B8: Transportation | C8: 130000 | D8: STO | E8: FFP (TBD) | F8: =ROUND(C8,2) -> 130000
B9: Administrative Fee | C9: 51 | D9: EA | F9: =ROUND(C9*E9,2) -> 0
A11: 1003 | B11: Labor - Direct Contractor | C11: 50 | D11: HR | F11: =ROUND(C11*E11,2) -> 0
A12: 1004 | B12: Packaging Services | C12: 52000 | D12: STO | E12: FFP (TBD) | F12: =ROUND(C12,2) -> 52000
A13: SOC | B13: 22012 | G13: =SUM(F4:F12) -> 481250
A14: TRAVEL
A15: CLIN | B15: DESCRIPTION | C15: Est. Qty. | D15: Unit | E15: Unit Price | F15: Total Price
A16: 1005 | B16: Travel | C16: 26000 | D16: STO | E16: FFP (TBD) | F16: =ROUND(C16,2) -> 26000
A17: SOC | B17: 21016 | G17: =F16 -> 26000
A18: APPRAISALS SERVICES
A19: CLIN | B19: DESCRIPTION | C19: Est. Qty. | D19: Unit | E19: Unit Price | F19: Total Price
A20: 1006 | B20: Certified Appraisal
B21: Apprasal Services | C21: 520000 | D21: STO | E21: FFP (TBD) | F21: =ROUND(C21,2) -> 520000
B22: Administrative Fee | D22: Fix Fee | E22: 0.05 | F22: =ROUND(C21*E22,2) -> 26000
A24: 1007 | B24: Legal and Court Testimony | C24: 50 | D24: HR | F24: =ROUND(C24*E24,2) -> 0
A25: 1008 | B25: Diamond and Gemstone Certification | C25: 15500 | D25: STO | E25: FFP (TBD) | F25: =ROUND(C25,2) -> 15500
A26: 1009 | B26: Consultation Services | C26: 52000 | D26: STO | E26: FFP (TBD) | F26: =ROUND(C26,2) -> 52000
A27: 1010 | B27: System Charges | C27: 200000 | D27: STO | E27: FFP (TBD) | F27: =ROUND(C27,2) -> 200000
A28: 1011 | B28: Miscellaneous Expenses | C28: 15500 | D28: STO | E28: FFP (TBD) | F28: =ROUND(C28,2) -> 15500
A29: SOC | B29: 25105 | G29: =SUM(F20:F28) -> 829000
A30: STORAGE
A31: CLIN | B31: DESCRIPTION | C31: Est. Qty. | D31: Unit | E31: Unit Price | F31: Total Price
A32: 1012 | B32: Alternate Storage Location | C32: 207500 | D32: STO | E32: FFP (TBD) | F32: =ROUND(C32,2) -> 207500
A33: 1013 | B33: Conditioning Services | C33: 100 | D33: HR | F33: =ROUND(C33*E33,2) -> 0
A34: 1014 | B34: Inventorying Services | C34: 400 | D34: HR | F34: =ROUND(C34*E34,2) -> 0
A35: SOC | B35: 25715 | G35: =SUM(F32:F34) -> 207500
A36: DISPOSAL
A37: CLIN | B37: DESCRIPTION | C37: Est. Total Sales Per Year | D37: Unit | E37: Unit Price | F37: Total Price
A38: 1015 | B38: Commission Online Auction $0-$25,000 | C38: 11000000 | D38: Sales Proceeds | F38: =ROUND(C38*E38,2) -> 0
A39: 1016 | B39: Commission Online Auction $25,001-$100,000 | C39: 8300000 | D39: Sales Proceeds | F39: =ROUND(C39*E39,2) -> 0
A40: 1017 | B40: Commission Online Auction $100,001+ | C40: 4300000 | D40: Sales Proceeds | F40: =ROUND(C40*E40,2) -> 0
A41: 1018 | B41: Commission Live Auction $0-$25,000 | C41: 1000000 | D41: Sales Proceeds | F41: =ROUND(C41*E41,2) -> 0
A42: 1019 | B42: Commission Live Auction $25,001-$100,000 | C42: 1000000 | D42: Sales Proceeds | F42: =ROUND(C42*E42,2) -> 0
A43: 1020 | B43: Commission Live Auction $100,001+ | C43: 1500000 | D43: Sales Proceeds | F43: =ROUND(C43*E43,2) -> 0
A44: 1021 | B44: Smelting | C44: 25000 | D44: Sales Proceeds | F44: =ROUND(C44*E44,2) -> 0
A45: CLIN | B45: DESCRIPTION | C45: Est. Qty. | D45: Unit | E45: Unit Price | F45: Total Price
A46: 1022 | B46: Daily Sales Facilitation Fee | C46: 5 | D46: EA | F46: =ROUND(C46*E46,2) -> 0
A47: 1023 | B47: EFT Fees | C47: 5150 | D47: STO | E47: FFP (TBD) | F47: =ROUND(C47,2) -> 5150
A48: 1024 | B48: Live Auction Venue | C48: 51500 | D48: STO | E48: FFP (TBD) | F48: =ROUND(C48,2) -> 51500
A49: 1025 | B49: Destruction | C49: 41500 | D49: STO | E49: FFP (TBD) | F49: =ROUND(C49,2) -> 41500
A50: SOC | B50: 25226 | G50: =SUM(F38:F49) -> 98150
A52: ESTIMATED TOTAL PRICE FOR OPTION YEAR 1 (CLIN 1001-1025): | G52: =SUM(G3:G50) -> 1641900
A54: See Statement of Work for full definition of each CLIN/Service.

Sheet Option Year 2
A1: JAAC NATIONAL CONTRACT OPTION YEAR 2
A2: TRANSPORTATION
A3: CLIN | B3: DESCRIPTION | C3: Est. Qty. | D3: Unit | E3: Unit Price | F3: Total Price
A4: 2001 | B4: Assets $0 - $5,000
B5: Transportation | C5: 295000 | D5: STO | E5: FFP (TBD) | F5: =ROUND(C5,2) -> 295000
B6: Administrative Fee | D6: Fix Fee | E6: 0.05 | F6: =ROUND(C5*E6,2) -> 14750
A7: 2002 | B7: Assets $5,001 or Greater
B8: Transportation | C8: 135000 | D8: STO | E8: FFP (TBD) | F8: =ROUND(C8,2) -> 135000
B9: Administrative Fee | C9: 51 | D9: EA | F9: =ROUND(C9*E9,2) -> 0
A11: 2003 | B11: Labor - Direct Contractor | C11: 50 | D11: HR | F11: =ROUND(C11*E11,2) -> 0
A12: 2004 | B12: Packaging Services | C12: 53500 | D12: STO | E12: FFP (TBD) | F12: =ROUND(C12,2) -> 53500
A13: SOC | B13: 22012 | G13: =SUM(F4:F12) -> 498250
A14: TRAVEL
A15: CLIN | B15: DESCRIPTION | C15: Est. Qty. | D15: Unit | E15: Unit Price | F15: Total Price
A16: 2005 | B16: Travel | C16: 27000 | D16: STO | E16: FFP (TBD) | F16: =ROUND(C16,2) -> 27000
A17: SOC | B17: 21016 | G17: =F16 -> 27000
A18: APPRAISALS SERVICES
A19: CLIN | B19: DESCRIPTION | C19: Est. Qty. | D19: Unit | E19: Unit Price | F19: Total Price
A20: 2006 | B20: Certified Appraisal
B21: Apprasal Services | C21: 535000 | D21: STO | E21: FFP (TBD) | F21: =ROUND(C21,2) -> 535000
B22: Administrative Fee | D22: Fix Fee | E22: 0.05 | F22: =ROUND(C21*E22,2) -> 26750
A24: 2007 | B24: Legal and Court Testimony | C24: 50 | D24: HR | F24: =ROUND(C24*E24,2) -> 0
A25: 2008 | B25: Diamond and Gemstone Certification | C25: 16000 | D25: STO | E25: FFP (TBD) | F25: =ROUND(C25,2) -> 16000
A26: 2009 | B26: Consultation Services | C26: 53500 | D26: STO | E26: FFP (TBD) | F26: =ROUND(C26,2) -> 53500
A27: 2010 | B27: System Charges | C27: 207000 | D27: STO | E27: FFP (TBD) | F27: =ROUND(C27,2) -> 207000
A28: 2011 | B28: Miscellaneous Expenses | C28: 16000 | D28: STO | E28: FFP (TBD) | F28: =ROUND(C28,2) -> 16000
A29: SOC | B29: 25105 | G29: =SUM(F20:F28) -> 854250
A30: STORAGE
A31: CLIN | B31: DESCRIPTION | C31: Est. Qty. | D31: Unit | E31: Unit Price | F31: Total Price
A32: 2012 | B32: Alternate Storage Location | C32: 215000 | D32: STO | E32: FFP (TBD) | F32: =ROUND(C32,2) -> 215000
A33: 2013 | B33: Conditioning Services | C33: 100 | D33: HR | F33: =ROUND(C33*E33,2) -> 0
A34: 2014 | B34: Inventorying Services | C34: 400 | D34: HR | F34: =ROUND(C34*E34,2) -> 0
A35: SOC | B35: 25715 | G35: =SUM(F32:F34) -> 215000
A36: DISPOSAL
A37: CLIN | B37: DESCRIPTION | C37: Est. Total Sales Per Year | D37: Unit | E37: Unit Price | F37: Total Price
A38: 2015 | B38: Commission Online Auction $0-$25,000 | C38: 11000000 | D38: Sales Proceeds | F38: =ROUND(C38*E38,2) -> 0
A39: 2016 | B39: Commission Online Auction $25,001-$100,000 | C39: 8300000 | D39: Sales Proceeds | F39: =ROUND(C39*E39,2) -> 0
A40: 2017 | B40: Commission Online Auction $100,001+ | C40: 4300000 | D40: Sales Proceeds | F40: =ROUND(C40*E40,2) -> 0
A41: 2018 | B41: Commission Live Auction $0-$25,000 | C41: 1000000 | D41: Sales Proceeds | F41: =ROUND(C41*E41,2) -> 0
A42: 2019 | B42: Commission Live Auction $25,001-$100,000 | C42: 1000000 | D42: Sales Proceeds | F42: =ROUND(C42*E42,2) -> 0
A43: 2020 | B43: Commission Live Auction $100,001+ | C43: 1500000 | D43: Sales Proceeds | F43: =ROUND(C43*E43,2) -> 0
A44: 2021 | B44: Smelting | C44: 25000 | D44: Sales Proceeds | F44: =ROUND(C44*E44,2) -> 0
A45: CLIN | B45: DESCRIPTION | C45: Est. Qty. | D45: Unit | E45: Unit Price | F45: Total Price
A46: 2022 | B46: Daily Sales Facilitation Fee | C46: 5 | D46: EA | F46: =ROUND(C46*E46,2) -> 0
A47: 2023 | B47: EFT Fees | C47: 5400 | D47: STO | E47: FFP (TBD) | F47: =ROUND(C47,2) -> 5400
A48: 2024 | B48: Live Auction Venue | C48: 54000 | D48: STO | E48: FFP (TBD) | F48: =ROUND(C48,2) -> 54000
A49: 2025 | B49: Destruction | C49: 42500 | D49: STO | E49: FFP (TBD) | F49: =ROUND(C49,2) -> 42500
A50: SOC | B50: 25226 | G50: =SUM(F38:F49) -> 101900
A52: ESTIMATED TOTAL PRICE FOR OPTION YEAR 2 (CLIN 2001-2025): | G52: =SUM(G3:G50) -> 1696400
A54: See Statement of Work for full definition of each CLIN/Service.

Sheet Option Year 3
A1: JAAC NATIONAL CONTRACT OPTION YEAR 3
A2: TRANSPORTATION
A3: CLIN | B3: DESCRIPTION | C3: Est. Qty. | D3: Unit | E3: Unit Price | F3: Total Price
A4: 3001 | B4: Assets $0 - $5,000
B5: Transportation | C5: 305000 | D5: STO | E5: FFP (TBD) | F5: =ROUND(C5,2) -> 305000
B6: Administrative Fee | D6: Fix Fee | E6: 0.05 | F6: =ROUND(C5*E6,2) -> 15250
A7: 3002 | B7: Assets $5,001 or Greater
B8: Transportation | C8: 138000 | D8: STO | E8: FFP (TBD) | F8: =ROUND(C8,2) -> 138000
B9: Administrative Fee | C9: 51 | D9: EA | F9: =ROUND(C9*E9,2) -> 0
A11: 3003 | B11: Labor - Direct Contractor | C11: 50 | D11: HR | F11: =ROUND(C11*E11,2) -> 0
A12: 3004 | B12: Packaging Services | C12: 55000 | D12: STO | E12: FFP (TBD) | F12: =ROUND(C12,2) -> 55000
A13: SOC | B13: 22012 | G13: =SUM(F4:F12) -> 513250
A14: TRAVEL
A15: CLIN | B15: DESCRIPTION | C15: Est. Qty. | D15: Unit | E15: Unit Price | F15: Total Price
A16: 3005 | B16: Travel | C16: 27500 | D16: STO | E16: FFP (TBD) | F16: =ROUND(C16,2) -> 27500
A17: SOC | B17: 21016 | G17: =F16 -> 27500
A18: APPRAISALS SERVICES
A19: CLIN | B19: DESCRIPTION | C19: Est. Qty. | D19: Unit | E19: Unit Price | F19: Total Price
A20: 3006 | B20: Certified Appraisal
B21: Apprasal Services | C21: 552500 | D21: STO | E21: FFP (TBD) | F21: =ROUND(C21,2) -> 552500
B22: Administrative Fee | D22: Fix Fee | E22: 0.05 | F22: =ROUND(C21*E22,2) -> 27625
A24: 3007 | B24: Legal and Court Testimony | C24: 50 | D24: HR | F24: =ROUND(C24*E24,2) -> 0
A25: 3008 | B25: Diamond and Gemstone Certification | C25: 16500 | D25: STO | E25: FFP (TBD) | F25: =ROUND(C25,2) -> 16500
A26: 3009 | B26: Consultation Services | C26: 55000 | D26: STO | E26: FFP (TBD) | F26: =ROUND(C26,2) -> 55000
A27: 3010 | B27: System Charges | C27: 215000 | D27: STO | E27: FFP (TBD) | F27: =ROUND(C27,2) -> 215000
A28: 3011 | B28: Miscellaneous Expenses | C28: 16500 | D28: STO | E28: FFP (TBD) | F28: =ROUND(C28,2) -> 16500
A29: SOC | B29: 25105 | G29: =SUM(F20:F28) -> 883125
A30: STORAGE
A31: CLIN | B31: DESCRIPTION | C31: Est. Qty. | D31: Unit | E31: Unit Price | F31: Total Price
A32: 3012 | B32: Alternate Storage Location | C32: 220000 | D32: STO | E32: FFP (TBD) | F32: =ROUND(C32,2) -> 220000
A33: 3013 | B33: Conditioning Services | C33: 100 | D33: HR | F33: =ROUND(C33*E33,2) -> 0
A34: 3014 | B34: Inventorying Services | C34: 400 | D34: HR | F34: =ROUND(C34*E34,2) -> 0
A35: SOC | B35: 25715 | G35: =SUM(F32:F34) -> 220000
A36: DISPOSAL
A37: CLIN | B37: DESCRIPTION | C37: Est. Total Sales Per Year | D37: Unit | E37: Unit Price | F37: Total Price
A38: 3015 | B38: Commission Online Auction $0-$25,000 | C38: 11000000 | D38: Sales Proceeds | F38: =ROUND(C38*E38,2) -> 0
A39: 3016 | B39: Commission Online Auction $25,001-$100,000 | C39: 8300000 | D39: Sales Proceeds | F39: =ROUND(C39*E39,2) -> 0
A40: 3017 | B40: Commission Online Auction $100,001+ | C40: 4300000 | D40: Sales Proceeds | F40: =ROUND(C40*E40,2) -> 0
A41: 3018 | B41: Commission Live Auction $0-$25,000 | C41: 1000000 | D41: Sales Proceeds | F41: =ROUND(C41*E41,2) -> 0
A42: 3019 | B42: Commission Live Auction $25,001-$100,000 | C42: 1000000 | D42: Sales Proceeds | F42: =ROUND(C42*E42,2) -> 0
A43: 3020 | B43: Commission Live Auction $100,001+ | C43: 1500000 | D43: Sales Proceeds | F43: =ROUND(C43*E43,2) -> 0
A44: 3021 | B44: Smelting | C44: 25000 | D44: Sales Proceeds | F44: =ROUND(C44*E44,2) -> 0
A45: CLIN | B45: DESCRIPTION | C45: Est. Qty. | D45: Unit | E45: Unit Price | F45: Total Price
A46: 3022 | B46: Daily Sales Facilitation Fee | C46: 5 | D46: EA | F46: =ROUND(C46*E46,2) -> 0
A47: 3023 | B47: EFT Fees | C47: 5500 | D47: STO | E47: FFP (TBD) | F47: =ROUND(C47,2) -> 5500
A48: 3024 | B48: Live Auction Venue | C48: 55000 | D48: STO | E48: FFP (TBD) | F48: =ROUND(C48,2) -> 55000
A49: 3025 | B49: Destruction | C49: 44500 | D49: STO | E49: FFP (TBD) | F49: =ROUND(C49,2) -> 44500
A50: SOC | B50: 25226 | G50: =SUM(F38:F49) -> 105000
A52: ESTIMATED TOTAL PRICE FOR OPTION YEAR 3 (CLIN 3001-3025): | G52: =SUM(G3:G50) -> 1748875
A54: See Statement of Work for full definition of each CLIN/Service.

Sheet Option Year 4
A1: JAAC NATIONAL CONTRACT OPTION YEAR 4
A2: TRANSPORTATION
A3: CLIN | B3: DESCRIPTION | C3: Est. Qty. | D3: Unit | E3: Unit Price | F3: Total Price
A4: 4001 | B4: Assets $0 - $5,000
B5: Transportation | C5: 315000 | D5: STO | E5: FFP (TBD) | F5: =ROUND(C5,2) -> 315000
B6: Administrative Fee | D6: Fix Fee | E6: 0.05 | F6: =ROUND(C5*E6,2) -> 15750
A7: 4002 | B7: Assets $5,001 or Greater
B8: Transportation | C8: 145000 | D8: STO | E8: FFP (TBD) | F8: =ROUND(C8,2) -> 145000
B9: Administrative Fee | C9: 51 | D9: EA | F9: =ROUND(C9*E9,2) -> 0
A11: 4003 | B11: Labor - Direct Contractor | C11: 50 | D11: HR | F11: =ROUND(C11*E11,2) -> 0
A12: 4004 | B12: Packaging Services | C12: 57000 | D12: STO | E12: FFP (TBD) | F12: =ROUND(C12,2) -> 57000
A13: SOC | B13: 22012 | G13: =SUM(F4:F12) -> 532750
A14: TRAVEL
A15: CLIN | B15: DESCRIPTION | C15: Est. Qty. | D15: Unit | E15: Unit Price | F15: Total Price
A16: 4005 | B16: Travel | C16: 28500 | D16: STO | E16: FFP (TBD) | F16: =ROUND(C16,2) -> 28500
A17: SOC | B17: 21016 | G17: =F16 -> 28500
A18: APPRAISALS SERVICES
A19: CLIN | B19: DESCRIPTION | C19: Est. Qty. | D19: Unit | E19: Unit Price | F19: Total Price
A20: 4006 | B20: Certified Appraisal
B21: Apprasal Services | C21: 570000 | D21: STO | E21: FFP (TBD) | F21: =ROUND(C21,2) -> 570000
B22: Administrative Fee | D22: Fix Fee | E22: 0.05 | F22: =ROUND(C21*E22,2) -> 28500
A24: 4007 | B24: Legal and Court Testimony | C24: 50 | D24: HR | F24: =ROUND(C24*E24,2) -> 0
A25: 4008 | B25: Diamond and Gemstone Certification | C25: 17000 | D25: STO | E25: FFP (TBD) | F25: =ROUND(C25,2) -> 17000
A26: 4009 | B26: Consultation Services | C26: 57000 | D26: STO | E26: FFP (TBD) | F26: =ROUND(C26,2) -> 57000
A27: 4010 | B27: System Charges | C27: 220000 | D27: STO | E27: FFP (TBD) | F27: =ROUND(C27,2) -> 220000
A28: 4011 | B28: Miscellaneous Expenses | C28: 17000 | D28: STO | E28: FFP (TBD) | F28: =ROUND(C28,2) -> 17000
A29: SOC | B29: 25105 | G29: =SUM(F20:F28) -> 909500
A30: STORAGE
A31: CLIN | B31: DESCRIPTION | C31: Est. Qty. | D31: Unit | E31: Unit Price | F31: Total Price
A32: 4012 | B32: Alternate Storage Location | C32: 230000 | D32: STO | E32: FFP (TBD) | F32: =ROUND(C32,2) -> 230000
A33: 4013 | B33: Conditioning Services | C33: 100 | D33: HR | F33: =ROUND(C33*E33,2) -> 0
A34: 4014 | B34: Inventorying Services | C34: 400 | D34: HR | F34: =ROUND(C34*E34,2) -> 0
A35: SOC | B35: 25715 | G35: =SUM(F32:F34) -> 230000
A36: DISPOSAL
A37: CLIN | B37: DESCRIPTION | C37: Est. Total Sales Per Year | D37: Unit | E37: Unit Price | F37: Total Price
A38: 4015 | B38: Commission Online Auction $0-$25,000 | C38: 11000000 | D38: Sales Proceeds | F38: =ROUND(C38*E38,2) -> 0
A39: 4016 | B39: Commission Online Auction $25,001-$100,000 | C39: 8300000 | D39: Sales Proceeds | F39: =ROUND(C39*E39,2) -> 0
A40: 4017 | B40: Commission Online Auction $100,001+ | C40: 4300000 | D40: Sales Proceeds | F40: =ROUND(C40*E40,2) -> 0
A41: 4018 | B41: Commission Live Auction $0-$25,000 | C41: 1000000 | D41: Sales Proceeds | F41: =ROUND(C41*E41,2) -> 0
A42: 4019 | B42: Commission Live Auction $25,001-$100,000 | C42: 1000000 | D42: Sales Proceeds | F42: =ROUND(C42*E42,2) -> 0
A43: 4020 | B43: Commission Live Auction $100,001+ | C43: 1500000 | D43: Sales Proceeds | F43: =ROUND(C43*E43,2) -> 0
A44: 4021 | B44: Smelting | C44: 25000 | D44: Sales Proceeds | F44: =ROUND(C44*E44,2) -> 0
A45: CLIN | B45: DESCRIPTION | C45: Est. Qty. | D45: Unit | E45: Unit Price | F45: Total Price
A46: 4022 | B46: Daily Sales Facilitation Fee | C46: 5 | D46: EA | F46: =ROUND(C46*E46,2) -> 0
A47: 4023 | B47: EFT Fees | C47: 5700 | D47: STO | E47: FFP (TBD) | F47: =ROUND(C47,2) -> 5700
A48: 4024 | B48: Live Auction Venue | C48: 57000 | D48: STO | E48: FFP (TBD) | F48: =ROUND(C48,2) -> 57000
A49: 4025 | B49: Destruction | C49: 45700 | D49: STO | E49: FFP (TBD) | F49: =ROUND(C49,2) -> 45700
A50: SOC | B50: 25226 | G50: =SUM(F38:F49) -> 108400
A52: ESTIMATED TOTAL PRICE FOR OPTION YEAR 4 (CLIN 4001-4025): | G52: =SUM(G3:G50) -> 1809150
A54: See Statement of Work for full definition of each CLIN/Service.

Sheet 52.217-8
A1: JAAC NATIONAL CONTRACT 52.217-8
A2: TRANSPORTATION
A3: CLIN | B3: DESCRIPTION | C3: Est. Qty. | D3: Unit | E3: Unit Price | F3: Total Price
A4: 5001 | B4: Assets $0 - $5,000
B5: Transportation | C5: =ROUNDUP('Option Year 4'!C5/2,0) -> 157500 | D5: STO | E5: FFP (TBD) | F5: =ROUND(C5,2) -> 157500
B6: Administrative Fee | D6: Fix Fee | E6: ='Option Year 4'!E6 -> 0.05 | F6: =ROUND(C5*E6,2) -> 7875
A7: 5002 | B7: Assets $5,001 or Greater
B8: Transportation | C8: =ROUNDUP('Option Year 4'!C8/2,0) -> 72500 | D8: STO | E8: FFP (TBD) | F8: =ROUND(C8,2) -> 72500
B9: Administrative Fee | C9: =ROUNDUP('Option Year 4'!C9/2,0) -> 26 | D9: EA | E9: ='Option Year 4'!E9 -> 0 | F9: =ROUND(C9*E9,2) -> 0
A11: 5003 | B11: Labor - Direct Contractor | C11: =ROUNDUP('Option Year 4'!C11/2,0) -> 25 | D11: HR | E11: ='Option Year 4'!E11 -> 0 | F11: =ROUND(C11*E11,2) -> 0
A12: 5004 | B12: Packaging Services | C12: =ROUNDUP('Option Year 4'!C12/2,0) -> 28500 | D12: STO | E12: FFP (TBD) | F12: =ROUND(C12,2) -> 28500
A13: SOC | B13: 22012 | G13: =SUM(F4:F12) -> 266375
A14: TRAVEL
A15: CLIN | B15: DESCRIPTION | C15: Est. Qty. | D15: Unit | E15: Unit Price | F15: Total Price
A16: 5005 | B16: Travel | C16: =ROUNDUP('Option Year 4'!C16/2,0) -> 14250 | D16: STO | E16: FFP (TBD) | F16: =ROUND(C16,2) -> 14250
A17: SOC | B17: 21016 | G17: =F16 -> 14250
A18: APPRAISALS SERVICES
A19: CLIN | B19: DESCRIPTION | C19: Est. Qty. | D19: Unit | E19: Unit Price | F19: Total Price
A20: 5006 | B20: Certified Appraisal
B21: Apprasal Services | C21: =ROUNDUP('Option Year 4'!C21/2,0) -> 285000 | D21: STO | E21: FFP (TBD) | F21: =ROUND(C21,2) -> 285000
B22: Administrative Fee | D22: Fix Fee | E22: ='Option Year 4'!E22 -> 0.05 | F22: =ROUND(C21*E22,2) -> 14250
A24: 5007 | B24: Legal and Court Testimony | C24: =ROUNDUP('Option Year 4'!C24/2,0) -> 25 | D24: HR | E24: ='Option Year 4'!E24 -> 0 | F24: =ROUND(C24*E24,2) -> 0
A25: 5008 | B25: Diamond and Gemstone Certification | C25: =ROUNDUP('Option Year 4'!C25/2,0) -> 8500 | D25: STO | E25: FFP (TBD) | F25: =ROUND(C25,2) -> 8500
A26: 5009 | B26: Consultation Services | C26: =ROUNDUP('Option Year 4'!C26/2,0) -> 28500 | D26: STO | E26: FFP (TBD) | F26: =ROUND(C26,2) -> 28500
A27: 5010 | B27: System Charges | C27: =ROUNDUP('Option Year 4'!C27/2,0) -> 110000 | D27: STO | E27: FFP (TBD) | F27: =ROUND(C27,2) -> 110000
A28: 5011 | B28: Miscellaneous Expenses | C28: =ROUNDUP('Option Year 4'!C28/2,0) -> 8500 | D28: STO | E28: FFP (TBD) | F28: =ROUND(C28,2) -> 8500
A29: SOC | B29: 25105 | G29: =SUM(F20:F28) -> 454750
A30: STORAGE
A31: CLIN | B31: DESCRIPTION | C31: Est. Qty. | D31: Unit | E31: Unit Price | F31: Total Price
A32: 5012 | B32: Alternate Storage Location | C32: =ROUNDUP('Option Year 4'!C32/2,0) -> 115000 | D32: STO | E32: FFP (TBD) | F32: =ROUND(C32,2) -> 115000
A33: 5013 | B33: Conditioning Services | C33: =ROUNDUP('Option Year 4'!C33/2,0) -> 50 | D33: HR | E33: ='Option Year 4'!E33 -> 0 | F33: =ROUND(C33*E33,2) -> 0
A34: 5014 | B34: Inventorying Services | C34: =ROUNDUP('Option Year 4'!C34/2,0) -> 200 | D34: HR | E34: ='Option Year 4'!E34 -> 0 | F34: =ROUND(C34*E34,2) -> 0
A35: SOC | B35: 25715 | G35: =SUM(F32:F34) -> 115000
A36: DISPOSAL
A37: CLIN | B37: DESCRIPTION | C37: Est. Total Sales Per Year | D37: Unit | E37: Unit Price | F37: Total Price
A38: 5015 | B38: Commission Online Auction $0-$25,000 | C38: =ROUNDUP('Option Year 4'!C38/2,0) -> 5500000 | D38: Sales Proceeds | E38: ='Option Year 4'!E38 -> 0 | F38: =ROUND(C38*E38,2) -> 0
A39: 5016 | B39: Commission Online Auction $25,001-$100,000 | C39: =ROUNDUP('Option Year 4'!C39/2,0) -> 4150000 | D39: Sales Proceeds | E39: ='Option Year 4'!E39 -> 0 | F39: =ROUND(C39*E39,2) -> 0
A40: 5017 | B40: Commission Online Auction $100,001+ | C40: =ROUNDUP('Option Year 4'!C40/2,0) -> 2150000 | D40: Sales Proceeds | E40: ='Option Year 4'!E40 -> 0 | F40: =ROUND(C40*E40,2) -> 0
A41: 5018 | B41: Commission Live Auction $0-$25,000 | C41: =ROUNDUP('Option Year 4'!C41/2,0) -> 500000 | D41: Sales Proceeds | E41: ='Option Year 4'!E41 -> 0 | F41: =ROUND(C41*E41,2) -> 0
A42: 5019 | B42: Commission Live Auction $25,001-$100,000 | C42: =ROUNDUP('Option Year 4'!C42/2,0) -> 500000 | D42: Sales Proceeds | E42: ='Option Year 4'!E42 -> 0 | F42: =ROUND(C42*E42,2) -> 0
A43: 5020 | B43: Commission Live Auction $100,001+ | C43: =ROUNDUP('Option Year 4'!C43/2,0) -> 750000 | D43: Sales Proceeds | E43: ='Option Year 4'!E43 -> 0 | F43: =ROUND(C43*E43,2) -> 0
A44: 5021 | B44: Smelting | C44: =ROUNDUP('Option Year 4'!C44/2,0) -> 12500 | D44: Sales Proceeds | E44: ='Option Year 4'!E44 -> 0 | F44: =ROUND(C44*E44,2) -> 0
A45: CLIN | B45: DESCRIPTION | C45: Est. Qty. | D45: Unit | E45: Unit Price | F45: Total Price
A46: 5022 | B46: Daily Sales Facilitation Fee | C46: =ROUNDUP('Option Year 4'!C46/2,0) -> 3 | D46: EA | E46: ='Option Year 4'!E46 -> 0 | F46: =ROUND(C46*E46,2) -> 0
A47: 5023 | B47: EFT Fees | C47: =ROUNDUP('Option Year 4'!C47/2,0) -> 2850 | D47: STO | E47: FFP (TBD) | F47: =ROUND(C47,2) -> 2850
A48: 5024 | B48: Live Auction Venue | C48: =ROUNDUP('Option Year 4'!C48/2,0) -> 28500 | D48: STO | E48: FFP (TBD) | F48: =ROUND(C48,2) -> 28500
A49: 5025 | B49: Destruction | C49: =ROUNDUP('Option Year 4'!C49/2,0) -> 22850 | D49: STO | E49: FFP (TBD) | F49: =ROUND(C49,2) -> 22850
A50: SOC | B50: 25226 | G50: =SUM(F38:F49) -> 54200
A52: ESTIMATED TOTAL PRICE FOR 52.217-8 (CLIN 5001-5025): | G52: =SUM(G3:G50) -> 904575
A54: See Statement of Work for full definition of each CLIN/Service.

Sheet DataPull
A1: Year | B1: SOC | C1: SECTION | D1: CLIN | E1: DESCRIPTION | F1: Est. Qty. | G1: Unit | H1: Unit Price | I1: Total Price
A2: BY | B2: ='Base Year'!B14 -> 22012 | C2: ='Base Year'!A2 -> TRANSPORTATION | D2: ='Base Year'!A4 -> 1 | E2: ='Base Year'!B4&" - "&'Base Year'!B5 -> Assets $0 - $5,000 - Transportation | F2: ='Base Year'!C5 -> 275000 | G2: ='Base Year'!D5 -> STO | H2: ='Base Year'!E5 -> FFP (TBD) | I2: ='Base Year'!F5 -> 275000
A3: BY | B3: ='Base Year'!B14 -> 22012 | C3: ='Base Year'!A2 -> TRANSPORTATION | D3: ='Base Year'!A4 -> 1 | E3: ='Base Year'!B4&" - "&'Base Year'!B6 -> Assets $0 - $5,000 - Administrative Fee | G3: ='Base Year'!D6 -> Fix Fee | H3: ='Base Year'!E6 -> 0.05 | I3: ='Base Year'!F6 -> 13750
A4: BY | B4: ='Base Year'!B14 -> 22012 | C4: ='Base Year'!A2 -> TRANSPORTATION | D4: ='Base Year'!A7 -> 2 | E4: ='Base Year'!B7&" - "&'Base Year'!B8 -> Assets $5,001 or Greater - Transportation | F4: ='Base Year'!C8 -> 125000 | G4: ='Base Year'!D8 -> STO | H4: ='Base Year'!E8 -> FFP (TBD) | I4: ='Base Year'!F8 -> 125000
A5: BY | B5: ='Base Year'!B14 -> 22012 | C5: ='Base Year'!A2 -> TRANSPORTATION | D5: ='Base Year'!A7 -> 2 | E5: ='Base Year'!B7&" - "&'Base Year'!B9 -> Assets $5,001 or Greater - Administrative Fee | F5: ='Base Year'!C9 -> 51 | G5: ='Base Year'!D9 -> EA | H5: ='Base Year'!E9 -> 0 | I5: ='Base Year'!F9 -> 0
A6: BY | B6: ='Base Year'!B14 -> 22012 | C6: ='Base Year'!A2 -> TRANSPORTATION | D6: ='Base Year'!A11 -> 3 | E6: ='Base Year'!B11 -> Labor - Direct Contractor | F6: ='Base Year'!C11 -> 50 | G6: ='Base Year'!D11 -> HR | H6: ='Base Year'!E11 -> 0 | I6: ='Base Year'!F11 -> 0
A7: BY | B7: ='Base Year'!B14 -> 22012 | C7: ='Base Year'!A2 -> TRANSPORTATION | D7: ='Base Year'!A12 -> 4 | E7: ='Base Year'!B12 -> Packaging Services | F7: ='Base Year'!C12 -> 50000 | G7: ='Base Year'!D12 -> STO | H7: ='Base Year'!E12 -> FFP (TBD) | I7: ='Base Year'!F12 -> 50000
A8: BY | B8: ='Base Year'!B14 -> 22012 | C8: ='Base Year'!A2 -> TRANSPORTATION | D8: ='Base Year'!A13 -> 9999 | E8: ='Base Year'!B13 -> Initial Relocation of Assets - N/A INCUMBENT AWARD | F8: ='Base Year'!C13 -> 400000 | G8: ='Base Year'!D13 -> STO | H8: ='Base Year'!E13 -> FFP (TBD) | I8: ='Base Year'!F13 -> 400000
A9: BY | B9: ='Base Year'!B18 -> 21016 | C9: ='Base Year'!A15 -> TRAVEL | D9: ='Base Year'!A17 -> 5 | E9: ='Base Year'!B17 -> Travel | F9: ='Base Year'!C17 -> 25000 | G9: ='Base Year'!D17 -> STO | H9: ='Base Year'!E17 -> FFP (TBD) | I9: ='Base Year'!F17 -> 25000
A10: BY | B10: ='Base Year'!B30 -> 25105 | C10: ='Base Year'!A19 -> APPRAISALS SERVICES | D10: ='Base Year'!A21 -> 6 | E10: ='Base Year'!B21&" - "&'Base Year'!B22 -> Certified Appraisal - Apprasal Services | F10: ='Base Year'!C22 -> 500000 | G10: ='Base Year'!D22 -> STO | H10: ='Base Year'!E22 -> FFP (TBD) | I10: ='Base Year'!F22 -> 500000
A11: BY | B11: ='Base Year'!B30 -> 25105 | C11: ='Base Year'!A19 -> APPRAISALS SERVICES | D11: ='Base Year'!A21 -> 6 | E11: ='Base Year'!B21&" - "&'Base Year'!B23 -> Certified Appraisal - Administrative Fee | G11: ='Base Year'!D23 -> Fix Fee | H11: ='Base Year'!E23 -> 0.05 | I11: ='Base Year'!F23 -> 25000
A12: BY | B12: ='Base Year'!B30 -> 25105 | C12: ='Base Year'!A19 -> APPRAISALS SERVICES | D12: ='Base Year'!A25 -> 7 | E12: ='Base Year'!B25 -> Legal and Court Testimony | F12: ='Base Year'!C25 -> 50 | G12: ='Base Year'!D25 -> HR | H12: ='Base Year'!E25 -> 0 | I12: ='Base Year'!F25 -> 0
A13: BY | B13: ='Base Year'!B30 -> 25105 | C13: ='Base Year'!A19 -> APPRAISALS SERVICES | D13: ='Base Year'!A26 -> 8 | E13: ='Base Year'!B26 -> Diamond and Gemstone Certification | F13: ='Base Year'!C26 -> 15000 | G13: ='Base Year'!D26 -> STO | H13: ='Base Year'!E26 -> FFP (TBD) | I13: ='Base Year'!F26 -> 15000
A14: BY | B14: ='Base Year'!B30 -> 25105 | C14: ='Base Year'!A19 -> APPRAISALS SERVICES | D14: ='Base Year'!A27 -> 9 | E14: ='Base Year'!B27 -> Consultation Services | F14: ='Base Year'!C27 -> 50000 | G14: ='Base Year'!D27 -> STO | H14: ='Base Year'!E27 -> FFP (TBD) | I14: ='Base Year'!F27 -> 50000
A15: BY | B15: ='Base Year'!B30 -> 25105 | C15: ='Base Year'!A19 -> APPRAISALS SERVICES | D15: ='Base Year'!A28 -> 10 | E15: ='Base Year'!B28 -> System Charges | F15: ='Base Year'!C28 -> 400000 | G15: ='Base Year'!D28 -> STO | H15: ='Base Year'!E28 -> FFP (TBD) | I15: ='Base Year'!F28 -> 400000
A16: BY | B16: ='Base Year'!B30 -> 25105 | C16: ='Base Year'!A19 -> APPRAISALS SERVICES | D16: ='Base Year'!A29 -> 11 | E16: ='Base Year'!B29 -> Miscellaneous Expenses | F16: ='Base Year'!C29 -> 15000 | G16: ='Base Year'!D29 -> STO | H16: ='Base Year'!E29 -> FFP (TBD) | I16: ='Base Year'!F29 -> 15000
A17: BY | B17: ='Base Year'!B36 -> 25715 | C17: ='Base Year'!A31 -> STORAGE | D17: ='Base Year'!A33 -> 12 | E17: ='Base Year'!B33 -> Alternate Storage Location | F17: ='Base Year'!C33 -> 200000 | G17: ='Base Year'!D33 -> STO | H17: ='Base Year'!E33 -> FFP (TBD) | I17: ='Base Year'!F33 -> 200000
A18: BY | B18: ='Base Year'!B36 -> 25715 | C18: ='Base Year'!A31 -> STORAGE | D18: ='Base Year'!A34 -> 13 | E18: ='Base Year'!B34 -> Conditioning Services | F18: ='Base Year'!C34 -> 100 | G18: ='Base Year'!D34 -> HR | H18: ='Base Year'!E34 -> 0 | I18: ='Base Year'!F34 -> 0
A19: BY | B19: ='Base Year'!B36 -> 25715 | C19: ='Base Year'!A31 -> STORAGE | D19: ='Base Year'!A35 -> 14 | E19: ='Base Year'!B35 -> Inventorying Services | F19: ='Base Year'!C35 -> 400 | G19: ='Base Year'!D35 -> HR | H19: ='Base Year'!E35 -> 0 | I19: ='Base Year'!F35 -> 0
A20: BY | B20: ='Base Year'!B51 -> 25226 | C20: ='Base Year'!A37 -> DISPOSAL | D20: ='Base Year'!A39 -> 15 | E20: ='Base Year'!B39 -> Commission Online Auction $0-$25,000 | F20: ='Base Year'!C39 -> 11000000 | G20: ='Base Year'!D39 -> Sales Proceeds | H20: ='Base Year'!E39 -> 0 | I20: ='Base Year'!F39 -> 0
A21: BY | B21: ='Base Year'!B51 -> 25226 | C21: ='Base Year'!A37 -> DISPOSAL | D21: ='Base Year'!A40 -> 16 | E21: ='Base Year'!B40 -> Commission Online Auction $25,001-$100,000 | F21: ='Base Year'!C40 -> 8300000 | G21: ='Base Year'!D40 -> Sales Proceeds | H21: ='Base Year'!E40 -> 0 | I21: ='Base Year'!F40 -> 0
A22: BY | B22: ='Base Year'!B51 -> 25226 | C22: ='Base Year'!A37 -> DISPOSAL | D22: ='Base Year'!A41 -> 17 | E22: ='Base Year'!B41 -> Commission Online Auction $100,001+ | F22: ='Base Year'!C41 -> 4300000 | G22: ='Base Year'!D41 -> Sales Proceeds | H22: ='Base Year'!E41 -> 0 | I22: ='Base Year'!F41 -> 0
A23: BY | B23: ='Base Year'!B51 -> 25226 | C23: ='Base Year'!A37 -> DISPOSAL | D23: ='Base Year'!A42 -> 18 | E23: ='Base Year'!B42 -> Commission Live Auction $0-$25,000 | F23: ='Base Year'!C42 -> 1000000 | G23: ='Base Year'!D42 -> Sales Proceeds | H23: ='Base Year'!E42 -> 0 | I23: ='Base Year'!F42 -> 0
A24: BY | B24: ='Base Year'!B51 -> 25226 | C24: ='Base Year'!A37 -> DISPOSAL | D24: ='Base Year'!A43 -> 19 | E24: ='Base Year'!B43 -> Commission Live Auction $25,001-$100,000 | F24: ='Base Year'!C43 -> 1000000 | G24: ='Base Year'!D43 -> Sales Proceeds | H24: ='Base Year'!E43 -> 0 | I24: ='Base Year'!F43 -> 0
A25: BY | B25: ='Base Year'!B51 -> 25226 | C25: ='Base Year'!A37 -> DISPOSAL | D25: ='Base Year'!A44 -> 20 | E25: ='Base Year'!B44 -> Commission Live Auction $100,001+ | F25: ='Base Year'!C44 -> 1500000 | G25: ='Base Year'!D44 -> Sales Proceeds | H25: ='Base Year'!E44 -> 0 | I25: ='Base Year'!F44 -> 0
A26: BY | B26: ='Base Year'!B51 -> 25226 | C26: ='Base Year'!A37 -> DISPOSAL | D26: ='Base Year'!A45 -> 21 | E26: ='Base Year'!B45 -> Smelting | F26: ='Base Year'!C45 -> 25000 | G26: ='Base Year'!D45 -> Sales Proceeds | H26: ='Base Year'!E45 -> 0 | I26: ='Base Year'!F45 -> 0
A27: BY | B27: ='Base Year'!B51 -> 25226 | C27: ='Base Year'!A37 -> DISPOSAL | D27: ='Base Year'!A47 -> 22 | E27: ='Base Year'!B47 -> Daily Sales Facilitation Fee | F27: ='Base Year'!C47 -> 5 | G27: ='Base Year'!D47 -> EA | H27: ='Base Year'!E47 -> 0 | I27: ='Base Year'!F47 -> 0
A28: BY | B28: ='Base Year'!B51 -> 25226 | C28: ='Base Year'!A37 -> DISPOSAL | D28: ='Base Year'!A48 -> 23 | E28: ='Base Year'!B48 -> EFT Fees | F28: ='Base Year'!C48 -> 5000 | G28: ='Base Year'!D48 -> STO | H28: ='Base Year'!E48 -> FFP (TBD) | I28: ='Base Year'!F48 -> 5000
A29: BY | B29: ='Base Year'!B51 -> 25226 | C29: ='Base Year'!A37 -> DISPOSAL | D29: ='Base Year'!A49 -> 24 | E29: ='Base Year'!B49 -> Live Auction Venue | F29: ='Base Year'!C49 -> 50000 | G29: ='Base Year'!D49 -> STO | H29: ='Base Year'!E49 -> FFP (TBD) | I29: ='Base Year'!F49 -> 50000
A30: BY | B30: ='Base Year'!B51 -> 25226 | C30: ='Base Year'!A37 -> DISPOSAL | D30: ='Base Year'!A50 -> 25 | E30: ='Base Year'!B50 -> Destruction | F30: ='Base Year'!C50 -> 40000 | G30: ='Base Year'!D50 -> STO | H30: ='Base Year'!E50 -> FFP (TBD) | I30: ='Base Year'!F50 -> 40000
A31: OY1 | B31: ='Option Year 1'!B13 -> 22012 | C31: ='Option Year 1'!A2 -> TRANSPORTATION | D31: ='Option Year 1'!A4 -> 1001 | E31: ='Option Year 1'!B4&" - "&'Option Year 1'!B5 -> Assets $0 - $5,000 - Transportation | F31: ='Option Year 1'!C5 -> 285000 | G31: ='Option Year 1'!D5 -> STO | H31: ='Option Year 1'!E5 -> FFP (TBD) | I31: ='Option Year 1'!F5 -> 285000
A32: OY1 | B32: ='Option Year 1'!B13 -> 22012 | C32: ='Option Year 1'!A2 -> TRANSPORTATION | D32: ='Option Year 1'!A4 -> 1001 | E32: ='Option Year 1'!B4&" - "&'Option Year 1'!B6 -> Assets $0 - $5,000 - Administrative Fee | G32: ='Option Year 1'!D6 -> Fix Fee | H32: ='Option Year 1'!E6 -> 0.05 | I32: ='Option Year 1'!F6 -> 14250
A33: OY1 | B33: ='Option Year 1'!B13 -> 22012 | C33: ='Option Year 1'!A2 -> TRANSPORTATION | D33: ='Option Year 1'!A7 -> 1002 | E33: ='Option Year 1'!B7&" - "&'Option Year 1'!B8 -> Assets $5,001 or Greater - Transportation | F33: ='Option Year 1'!C8 -> 130000 | G33: ='Option Year 1'!D8 -> STO | H33: ='Option Year 1'!E8 -> FFP (TBD) | I33: ='Option Year 1'!F8 -> 130000
A34: OY1 | B34: ='Option Year 1'!B13 -> 22012 | C34: ='Option Year 1'!A2 -> TRANSPORTATION | D34: ='Option Year 1'!A7 -> 1002 | E34: ='Option Year 1'!B7&" - "&'Option Year 1'!B9 -> Assets $5,001 or Greater - Administrative Fee | F34: ='Option Year 1'!C9 -> 51 | G34: ='Option Year 1'!D9 -> EA | H34: ='Option Year 1'!E9 -> 0 | I34: ='Option Year 1'!F9 -> 0
A35: OY1 | B35: ='Option Year 1'!B13 -> 22012 | C35: ='Option Year 1'!A2 -> TRANSPORTATION | D35: ='Option Year 1'!A11 -> 1003 | E35: ='Option Year 1'!B11 -> Labor - Direct Contractor | F35: ='Option Year 1'!C11 -> 50 | G35: ='Option Year 1'!D11 -> HR | H35: ='Option Year 1'!E11 -> 0 | I35: ='Option Year 1'!F11 -> 0
A36: OY1 | B36: ='Option Year 1'!B13 -> 22012 | C36: ='Option Year 1'!A2 -> TRANSPORTATION | D36: ='Option Year 1'!A12 -> 1004 | E36: ='Option Year 1'!B12 -> Packaging Services | F36: ='Option Year 1'!C12 -> 52000 | G36: ='Option Year 1'!D12 -> STO | H36: ='Option Year 1'!E12 -> FFP (TBD) | I36: ='Option Year 1'!F12 -> 52000
A37: OY1 | B37: ='Option Year 1'!B17 -> 21016 | C37: ='Option Year 1'!A14 -> TRAVEL | D37: ='Option Year 1'!A16 -> 1005 | E37: ='Option Year 1'!B16 -> Travel | F37: ='Option Year 1'!C16 -> 26000 | G37: ='Option Year 1'!D16 -> STO | H37: ='Option Year 1'!E16 -> FFP (TBD) | I37: ='Option Year 1'!F16 -> 26000
A38: OY1 | B38: ='Option Year 1'!B29 -> 25105 | C38: ='Option Year 1'!A18 -> APPRAISALS SERVICES | D38: ='Option Year 1'!A20 -> 1006 | E38: ='Option Year 1'!B20&" - "&'Option Year 1'!B21 -> Certified Appraisal - Apprasal Services | F38: ='Option Year 1'!C21 -> 520000 | G38: ='Option Year 1'!D21 -> STO | H38: ='Option Year 1'!E21 -> FFP (TBD) | I38: ='Option Year 1'!F21 -> 520000
A39: OY1 | B39: ='Option Year 1'!B29 -> 25105 | C39: ='Option Year 1'!A18 -> APPRAISALS SERVICES | D39: ='Option Year 1'!A24 -> 1007 | E39: ='Option Year 1'!B20&" - "&'Option Year 1'!B22 -> Certified Appraisal - Administrative Fee | G39: ='Option Year 1'!D22 -> Fix Fee | H39: ='Option Year 1'!E22 -> 0.05 | I39: ='Option Year 1'!F22 -> 26000
A40: OY1 | B40: ='Option Year 1'!B29 -> 25105 | C40: ='Option Year 1'!A18 -> APPRAISALS SERVICES | D40: ='Option Year 1'!A25 -> 1008 | E40: ='Option Year 1'!B25 -> Diamond and Gemstone Certification | F40: ='Option Year 1'!C24 -> 50 | G40: ='Option Year 1'!D24 -> HR | H40: ='Option Year 1'!E24 -> 0 | I40: ='Option Year 1'!F24 -> 0
A41: OY1 | B41: ='Option Year 1'!B29 -> 25105 | C41: ='Option Year 1'!A18 -> APPRAISALS SERVICES | D41: ='Option Year 1'!A26 -> 1009 | E41: ='Option Year 1'!B26 -> Consultation Services | F41: ='Option Year 1'!C25 -> 15500 | G41: ='Option Year 1'!D25 -> STO | H41: ='Option Year 1'!E25 -> FFP (TBD) | I41: ='Option Year 1'!F25 -> 15500
A42: OY1 | B42: ='Option Year 1'!B29 -> 25105 | C42: ='Option Year 1'!A18 -> APPRAISALS SERVICES | D42: ='Option Year 1'!A27 -> 1010 | E42: ='Option Year 1'!B27 -> System Charges | F42: ='Option Year 1'!C26 -> 52000 | G42: ='Option Year 1'!D26 -> STO | H42: ='Option Year 1'!E26 -> FFP (TBD) | I42: ='Option Year 1'!F26 -> 52000
A43: OY1 | B43: ='Option Year 1'!B29 -> 25105 | C43: ='Option Year 1'!A18 -> APPRAISALS SERVICES | D43: ='Option Year 1'!A28 -> 1011 | E43: ='Option Year 1'!B28 -> Miscellaneous Expenses | F43: ='Option Year 1'!C27 -> 200000 | G43: ='Option Year 1'!D27 -> STO | H43: ='Option Year 1'!E27 -> FFP (TBD) | I43: ='Option Year 1'!F27 -> 200000
A44: OY1 | B44: ='Option Year 1'!B35 -> 25715 | C44: ='Option Year 1'!A30 -> STORAGE | D44: ='Option Year 1'!A32 -> 1012 | E44: ='Option Year 1'!B32 -> Alternate Storage Location | F44: ='Option Year 1'!C28 -> 15500 | G44: ='Option Year 1'!D28 -> STO | H44: ='Option Year 1'!E28 -> FFP (TBD) | I44: ='Option Year 1'!F28 -> 15500
A45: OY1 | B45: ='Option Year 1'!B35 -> 25715 | C45: ='Option Year 1'!A30 -> STORAGE | D45: ='Option Year 1'!A33 -> 1013 | E45: ='Option Year 1'!B33 -> Conditioning Services | F45: ='Option Year 1'!C32 -> 207500 | G45: ='Option Year 1'!D32 -> STO | H45: ='Option Year 1'!E32 -> FFP (TBD) | I45: ='Option Year 1'!F32 -> 207500
A46: OY1 | B46: ='Option Year 1'!B35 -> 25715 | C46: ='Option Year 1'!A30 -> STORAGE | D46: ='Option Year 1'!A34 -> 1014 | E46: ='Option Year 1'!B34 -> Inventorying Services | F46: ='Option Year 1'!C33 -> 100 | G46: ='Option Year 1'!D33 -> HR | H46: ='Option Year 1'!E33 -> 0 | I46: ='Option Year 1'!F33 -> 0
A47: OY1 | B47: ='Option Year 1'!B50 -> 25226 | C47: ='Option Year 1'!A36 -> DISPOSAL | D47: ='Option Year 1'!A38 -> 1015 | E47: ='Option Year 1'!B38 -> Commission Online Auction $0-$25,000 | F47: ='Option Year 1'!C34 -> 400 | G47: ='Option Year 1'!D34 -> HR | H47: ='Option Year 1'!E34 -> 0 | I47: ='Option Year 1'!F34 -> 0
A48: OY1 | B48: ='Option Year 1'!B50 -> 25226 | C48: ='Option Year 1'!A36 -> DISPOSAL | D48: ='Option Year 1'!A39 -> 1016 | E48: ='Option Year 1'!B39 -> Commission Online Auction $25,001-$100,000 | F48: ='Option Year 1'!C38 -> 11000000 | G48: ='Option Year 1'!D38 -> Sales Proceeds | H48: ='Option Year 1'!E38 -> 0 | I48: ='Option Year 1'!F38 -> 0
A49: OY1 | B49: ='Option Year 1'!B50 -> 25226 | C49: ='Option Year 1'!A36 -> DISPOSAL | D49: ='Option Year 1'!A40 -> 1017 | E49: ='Option Year 1'!B40 -> Commission Online Auction $100,001+ | F49: ='Option Year 1'!C39 -> 8300000 | G49: ='Option Year 1'!D39 -> Sales Proceeds | H49: ='Option Year 1'!E39 -> 0 | I49: ='Option Year 1'!F39 -> 0
A50: OY1 | B50: ='Option Year 1'!B50 -> 25226 | C50: ='Option Year 1'!A36 -> DISPOSAL | D50: ='Option Year 1'!A41 -> 1018 | E50: ='Option Year 1'!B41 -> Commission Live Auction $0-$25,000 | F50: ='Option Year 1'!C40 -> 4300000 | G50: ='Option Year 1'!D40 -> Sales Proceeds | H50: ='Option Year 1'!E40 -> 0 | I50: ='Option Year 1'!F40 -> 0
A51: OY1 | B51: ='Option Year 1'!B50 -> 25226 | C51: ='Option Year 1'!A36 -> DISPOSAL | D51: ='Option Year 1'!A42 -> 1019 | E51: ='Option Year 1'!B42 -> Commission Live Auction $25,001-$100,000 | F51: ='Option Year 1'!C41 -> 1000000 | G51: ='Option Year 1'!D41 -> Sales Proceeds | H51: ='Option Year 1'!E41 -> 0 | I51: ='Option Year 1'!F41 -> 0
A52: OY1 | B52: ='Option Year 1'!B50 -> 25226 | C52: ='Option Year 1'!A36 -> DISPOSAL | D52: ='Option Year 1'!A43 -> 1020 | E52: ='Option Year 1'!B43 -> Commission Live Auction $100,001+ | F52: ='Option Year 1'!C42 -> 1000000 | G52: ='Option Year 1'!D42 -> Sales Proceeds | H52: ='Option Year 1'!E42 -> 0 | I52: ='Option Year 1'!F42 -> 0
A53: OY1 | B53: ='Option Year 1'!B50 -> 25226 | C53: ='Option Year 1'!A36 -> DISPOSAL | D53: ='Option Year 1'!A44 -> 1021 | E53: ='Option Year 1'!B44 -> Smelting | F53: ='Option Year 1'!C43 -> 1500000 | G53: ='Option Year 1'!D43 -> Sales Proceeds | H53: ='Option Year 1'!E43 -> 0 | I53: ='Option Year 1'!F43 -> 0
A54: OY1 | B54: ='Option Year 1'!B50 -> 25226 | C54: ='Option Year 1'!A36 -> DISPOSAL | D54: ='Option Year 1'!A46 -> 1022 | E54: ='Option Year 1'!B46 -> Daily Sales Facilitation Fee | F54: ='Option Year 1'!C46 -> 5 | G54: ='Option Year 1'!D46 -> EA | H54: ='Option Year 1'!E46 -> 0 | I54: ='Option Year 1'!F46 -> 0
A55: OY1 | B55: ='Option Year 1'!B50 -> 25226 | C55: ='Option Year 1'!A36 -> DISPOSAL | D55: ='Option Year 1'!A47 -> 1023 | E55: ='Option Year 1'!B47 -> EFT Fees | F55: ='Option Year 1'!C47 -> 5150 | G55: ='Option Year 1'!D47 -> STO | H55: ='Option Year 1'!E47 -> FFP (TBD) | I55: ='Option Year 1'!F47 -> 5150
A56: OY1 | B56: ='Option Year 1'!B50 -> 25226 | C56: ='Option Year 1'!A36 -> DISPOSAL | D56: ='Option Year 1'!A48 -> 1024 | E56: ='Option Year 1'!B48 -> Live Auction Venue | F56: ='Option Year 1'!C48 -> 51500 | G56: ='Option Year 1'!D48 -> STO | H56: ='Option Year 1'!E48 -> FFP (TBD) | I56: ='Option Year 1'!F48 -> 51500
A57: OY1 | B57: ='Option Year 1'!B50 -> 25226 | C57: ='Option Year 1'!A36 -> DISPOSAL | D57: ='Option Year 1'!A49 -> 1025 | E57: ='Option Year 1'!B49 -> Destruction | F57: ='Option Year 1'!C49 -> 41500 | G57: ='Option Year 1'!D49 -> STO | H57: ='Option Year 1'!E49 -> FFP (TBD) | I57: ='Option Year 1'!F49 -> 41500
A58: OY2 | B58: ='Option Year 1'!B13 -> 22012 | C58: ='Option Year 1'!A2 -> TRANSPORTATION | D58: ='Option Year 2'!A4 -> 2001 | E58: ='Option Year 2'!B4&" - "&'Option Year 2'!B5 -> Assets $0 - $5,000 - Transportation | F58: ='Option Year 2'!C5 -> 295000 | G58: ='Option Year 2'!D5 -> STO | H58: ='Option Year 2'!E5 -> FFP (TBD) | I58: ='Option Year 2'!F5 -> 295000
A59: OY2 | B59: ='Option Year 1'!B13 -> 22012 | C59: ='Option Year 1'!A2 -> TRANSPORTATION | D59: ='Option Year 2'!A4 -> 2001 | E59: ='Option Year 2'!B4&" - "&'Option Year 2'!B6 -> Assets $0 - $5,000 - Administrative Fee | G59: ='Option Year 2'!D6 -> Fix Fee | H59: ='Option Year 2'!E6 -> 0.05 | I59: ='Option Year 2'!F6 -> 14750
A60: OY2 | B60: ='Option Year 1'!B13 -> 22012 | C60: ='Option Year 1'!A2 -> TRANSPORTATION | D60: ='Option Year 2'!A7 -> 2002 | E60: ='Option Year 2'!B7&" - "&'Option Year 2'!B8 -> Assets $5,001 or Greater - Transportation | F60: ='Option Year 2'!C8 -> 135000 | G60: ='Option Year 2'!D8 -> STO | H60: ='Option Year 2'!E8 -> FFP (TBD) | I60: ='Option Year 2'!F8 -> 135000
A61: OY2 | B61: ='Option Year 1'!B13 -> 22012 | C61: ='Option Year 1'!A2 -> TRANSPORTATION | D61: ='Option Year 2'!A7 -> 2002 | E61: ='Option Year 2'!B7&" - "&'Option Year 2'!B9 -> Assets $5,001 or Greater - Administrative Fee | F61: ='Option Year 2'!C9 -> 51 | G61: ='Option Year 2'!D9 -> EA | H61: ='Option Year 2'!E9 -> 0 | I61: ='Option Year 2'!F9 -> 0
A62: OY2 | B62: ='Option Year 1'!B13 -> 22012 | C62: ='Option Year 1'!A2 -> TRANSPORTATION | D62: ='Option Year 2'!A11 -> 2003 | E62: ='Option Year 2'!B11 -> Labor - Direct Contractor | F62: ='Option Year 2'!C11 -> 50 | G62: ='Option Year 2'!D11 -> HR | H62: ='Option Year 2'!E11 -> 0 | I62: ='Option Year 2'!F11 -> 0
A63: OY2 | B63: ='Option Year 1'!B13 -> 22012 | C63: ='Option Year 1'!A2 -> TRANSPORTATION | D63: ='Option Year 2'!A12 -> 2004 | E63: ='Option Year 2'!B12 -> Packaging Services | F63: ='Option Year 2'!C12 -> 53500 | G63: ='Option Year 2'!D12 -> STO | H63: ='Option Year 2'!E12 -> FFP (TBD) | I63: ='Option Year 2'!F12 -> 53500
A64: OY2 | B64: ='Option Year 1'!B17 -> 21016 | C64: ='Option Year 1'!A14 -> TRAVEL | D64: ='Option Year 2'!A16 -> 2005 | E64: ='Option Year 2'!B16 -> Travel | F64: ='Option Year 2'!C16 -> 27000 | G64: ='Option Year 2'!D16 -> STO | H64: ='Option Year 2'!E16 -> FFP (TBD) | I64: ='Option Year 2'!F16 -> 27000
A65: OY2 | B65: ='Option Year 1'!B29 -> 25105 | C65: ='Option Year 1'!A18 -> APPRAISALS SERVICES | D65: ='Option Year 2'!A20 -> 2006 | E65: ='Option Year 2'!B20&" - "&'Option Year 2'!B21 -> Certified Appraisal - Apprasal Services | F65: ='Option Year 2'!C21 -> 535000 | G65: ='Option Year 2'!D21 -> STO | H65: ='Option Year 2'!E21 -> FFP (TBD) | I65: ='Option Year 2'!F21 -> 535000
A66: OY2 | B66: ='Option Year 1'!B29 -> 25105 | C66: ='Option Year 1'!A18 -> APPRAISALS SERVICES | D66: ='Option Year 2'!A20 -> 2006 | E66: ='Option Year 2'!B20&" - "&'Option Year 2'!B22 -> Certified Appraisal - Administrative Fee | G66: ='Option Year 2'!D22 -> Fix Fee | H66: ='Option Year 2'!E22 -> 0.05 | I66: ='Option Year 2'!F22 -> 26750
A67: OY2 | B67: ='Option Year 1'!B29 -> 25105 | C67: ='Option Year 1'!A18 -> APPRAISALS SERVICES | D67: ='Option Year 2'!A24 -> 2007 | E67: ='Option Year 2'!B24 -> Legal and Court Testimony | F67: ='Option Year 2'!C24 -> 50 | G67: ='Option Year 2'!D24 -> HR | H67: ='Option Year 2'!E24 -> 0 | I67: ='Option Year 2'!F24 -> 0
A68: OY2 | B68: ='Option Year 1'!B29 -> 25105 | C68: ='Option Year 1'!A18 -> APPRAISALS SERVICES | D68: ='Option Year 2'!A25 -> 2008 | E68: ='Option Year 2'!B25 -> Diamond and Gemstone Certification | F68: ='Option Year 2'!C25 -> 16000 | G68: ='Option Year 2'!D25 -> STO | H68: ='Option Year 2'!E25 -> FFP (TBD) | I68: ='Option Year 2'!F25 -> 16000
A69: OY2 | B69: ='Option Year 1'!B29 -> 25105 | C69: ='Option Year 1'!A18 -> APPRAISALS SERVICES | D69: ='Option Year 2'!A26 -> 2009 | E69: ='Option Year 2'!B26 -> Consultation Services | F69: ='Option Year 2'!C26 -> 53500 | G69: ='Option Year 2'!D26 -> STO | H69: ='Option Year 2'!E26 -> FFP (TBD) | I69: ='Option Year 2'!F26 -> 53500
A70: OY2 | B70: ='Option Year 1'!B29 -> 25105 | C70: ='Option Year 1'!A18 -> APPRAISALS SERVICES | D70: ='Option Year 2'!A27 -> 2010 | E70: ='Option Year 2'!B27 -> System Charges | F70: ='Option Year 2'!C27 -> 207000 | G70: ='Option Year 2'!D27 -> STO | H70: ='Option Year 2'!E27 -> FFP (TBD) | I70: ='Option Year 2'!F27 -> 207000
A71: OY2 | B71: ='Option Year 1'!B29 -> 25105 | C71: ='Option Year 1'!A18 -> APPRAISALS SERVICES | D71: ='Option Year 2'!A28 -> 2011 | E71: ='Option Year 2'!B28 -> Miscellaneous Expenses | F71: ='Option Year 2'!C28 -> 16000 | G71: ='Option Year 2'!D28 -> STO | H71: ='Option Year 2'!E28 -> FFP (TBD) | I71: ='Option Year 2'!F28 -> 16000
A72: OY2 | B72: ='Option Year 1'!B35 -> 25715 | C72: ='Option Year 1'!A30 -> STORAGE | D72: ='Option Year 2'!A32 -> 2012 | E72: ='Option Year 2'!B32 -> Alternate Storage Location | F72: ='Option Year 2'!C32 -> 215000 | G72: ='Option Year 2'!D32 -> STO | H72: ='Option Year 2'!E32 -> FFP (TBD) | I72: ='Option Year 2'!F32 -> 215000
A73: OY2 | B73: ='Option Year 1'!B35 -> 25715 | C73: ='Option Year 1'!A30 -> STORAGE | D73: ='Option Year 2'!A33 -> 2013 | E73: ='Option Year 2'!B33 -> Conditioning Services | F73: ='Option Year 2'!C33 -> 100 | G73: ='Option Year 2'!D33 -> HR | H73: ='Option Year 2'!E33 -> 0 | I73: ='Option Year 2'!F33 -> 0
A74: OY2 | B74: ='Option Year 1'!B35 -> 25715 | C74: ='Option Year 1'!A30 -> STORAGE | D74: ='Option Year 2'!A34 -> 2014 | E74: ='Option Year 2'!B34 -> Inventorying Services | F74: ='Option Year 2'!C34 -> 400 | G74: ='Option Year 2'!D34 -> HR | H74: ='Option Year 2'!E34 -> 0 | I74: ='Option Year 2'!F34 -> 0
A75: OY2 | B75: ='Option Year 1'!B50 -> 25226 | C75: ='Option Year 1'!A36 -> DISPOSAL | D75: ='Option Year 2'!A38 -> 2015 | E75: ='Option Year 2'!B38 -> Commission Online Auction $0-$25,000 | F75: ='Option Year 2'!C38 -> 11000000 | G75: ='Option Year 2'!D38 -> Sales Proceeds | H75: ='Option Year 2'!E38 -> 0 | I75: ='Option Year 2'!F38 -> 0
A76: OY2 | B76: ='Option Year 1'!B50 -> 25226 | C76: ='Option Year 1'!A36 -> DISPOSAL | D76: ='Option Year 2'!A39 -> 2016 | E76: ='Option Year 2'!B39 -> Commission Online Auction $25,001-$100,000 | F76: ='Option Year 2'!C39 -> 8300000 | G76: ='Option Year 2'!D39 -> Sales Proceeds | H76: ='Option Year 2'!E39 -> 0 | I76: ='Option Year 2'!F39 -> 0
A77: OY2 | B77: ='Option Year 1'!B50 -> 25226 | C77: ='Option Year 1'!A36 -> DISPOSAL | D77: ='Option Year 2'!A40 -> 2017 | E77: ='Option Year 2'!B40 -> Commission Online Auction $100,001+ | F77: ='Option Year 2'!C40 -> 4300000 | G77: ='Option Year 2'!D40 -> Sales Proceeds | H77: ='Option Year 2'!E40 -> 0 | I77: ='Option Year 2'!F40 -> 0
A78: OY2 | B78: ='Option Year 1'!B50 -> 25226 | C78: ='Option Year 1'!A36 -> DISPOSAL | D78: ='Option Year 2'!A41 -> 2018 | E78: ='Option Year 2'!B41 -> Commission Live Auction $0-$25,000 | F78: ='Option Year 2'!C41 -> 1000000 | G78: ='Option Year 2'!D41 -> Sales Proceeds | H78: ='Option Year 2'!E41 -> 0 | I78: ='Option Year 2'!F41 -> 0
A79: OY2 | B79: ='Option Year 1'!B50 -> 25226 | C79: ='Option Year 1'!A36 -> DISPOSAL | D79: ='Option Year 2'!A42 -> 2019 | E79: ='Option Year 2'!B42 -> Commission Live Auction $25,001-$100,000 | F79: ='Option Year 2'!C42 -> 1000000 | G79: ='Option Year 2'!D42 -> Sales Proceeds | H79: ='Option Year 2'!E42 -> 0 | I79: ='Option Year 2'!F42 -> 0
A80: OY2 | B80: ='Option Year 1'!B50 -> 25226 | C80: ='Option Year 1'!A36 -> DISPOSAL | D80: ='Option Year 2'!A43 -> 2020 | E80: ='Option Year 2'!B43 -> Commission Live Auction $100,001+ | F80: ='Option Year 2'!C43 -> 1500000 | G80: ='Option Year 2'!D43 -> Sales Proceeds | H80: ='Option Year 2'!E43 -> 0 | I80: ='Option Year 2'!F43 -> 0
A81: OY2 | B81: ='Option Year 1'!B50 -> 25226 | C81: ='Option Year 1'!A36 -> DISPOSAL | D81: ='Option Year 2'!A44 -> 2021 | E81: ='Option Year 2'!B44 -> Smelting | F81: ='Option Year 2'!C44 -> 25000 | G81: ='Option Year 2'!D44 -> Sales Proceeds | H81: ='Option Year 2'!E44 -> 0 | I81: ='Option Year 2'!F44 -> 0
A82: OY2 | B82: ='Option Year 1'!B50 -> 25226 | C82: ='Option Year 1'!A36 -> DISPOSAL | D82: ='Option Year 2'!A46 -> 2022 | E82: ='Option Year 2'!B46 -> Daily Sales Facilitation Fee | F82: ='Option Year 2'!C46 -> 5 | G82: ='Option Year 2'!D46 -> EA | H82: ='Option Year 2'!E46 -> 0 | I82: ='Option Year 2'!F46 -> 0
A83: OY2 | B83: ='Option Year 1'!B50 -> 25226 | C83: ='Option Year 1'!A36 -> DISPOSAL | D83: ='Option Year 2'!A47 -> 2023 | E83: ='Option Year 2'!B47 -> EFT Fees | F83: ='Option Year 2'!C47 -> 5400 | G83: ='Option Year 2'!D47 -> STO | H83: ='Option Year 2'!E47 -> FFP (TBD) | I83: ='Option Year 2'!F47 -> 5400
A84: OY2 | B84: ='Option Year 1'!B50 -> 25226 | C84: ='Option Year 1'!A36 -> DISPOSAL | D84: ='Option Year 2'!A48 -> 2024 | E84: ='Option Year 2'!B48 -> Live Auction Venue | F84: ='Option Year 2'!C48 -> 54000 | G84: ='Option Year 2'!D48 -> STO | H84: ='Option Year 2'!E48 -> FFP (TBD) | I84: ='Option Year 2'!F48 -> 54000
A85: OY2 | B85: ='Option Year 1'!B50 -> 25226 | C85: ='Option Year 1'!A36 -> DISPOSAL | D85: ='Option Year 2'!A49 -> 2025 | E85: ='Option Year 2'!B49 -> Destruction | F85: ='Option Year 2'!C49 -> 42500 | G85: ='Option Year 2'!D49 -> STO | H85: ='Option Year 2'!E49 -> FFP (TBD) | I85: ='Option Year 2'!F49 -> 42500
A86: OY3 | B86: ='Option Year 3'!B13 -> 22012 | C86: ='Option Year 3'!A2 -> TRANSPORTATION | D86: ='Option Year 3'!A4 -> 3001 | E86: ='Option Year 3'!B4&" - "&'Option Year 3'!B5 -> Assets $0 - $5,000 - Transportation | F86: ='Option Year 3'!C5 -> 305000 | G86: ='Option Year 3'!D5 -> STO | H86: ='Option Year 3'!E5 -> FFP (TBD) | I86: ='Option Year 3'!F5 -> 305000
A87: OY3 | B87: ='Option Year 3'!B13 -> 22012 | C87: ='Option Year 3'!A2 -> TRANSPORTATION | D87: ='Option Year 3'!A4 -> 3001 | E87: ='Option Year 3'!B4&" - "&'Option Year 3'!B6 -> Assets $0 - $5,000 - Administrative Fee | G87: ='Option Year 3'!D6 -> Fix Fee | H87: ='Option Year 3'!E6 -> 0.05 | I87: ='Option Year 3'!F6 -> 15250
A88: OY3 | B88: ='Option Year 3'!B13 -> 22012 | C88: ='Option Year 3'!A2 -> TRANSPORTATION | D88: ='Option Year 3'!A7 -> 3002 | E88: ='Option Year 3'!B7&" - "&'Option Year 3'!B8 -> Assets $5,001 or Greater - Transportation | F88: ='Option Year 3'!C8 -> 138000 | G88: ='Option Year 3'!D8 -> STO | H88: ='Option Year 3'!E8 -> FFP (TBD) | I88: ='Option Year 3'!F8 -> 138000
A89: OY3 | B89: ='Option Year 3'!B13 -> 22012 | C89: ='Option Year 3'!A2 -> TRANSPORTATION | D89: ='Option Year 3'!A7 -> 3002 | E89: ='Option Year 3'!B7&" - "&'Option Year 3'!B9 -> Assets $5,001 or Greater - Administrative Fee | F89: ='Option Year 3'!C9 -> 51 | G89: ='Option Year 3'!D9 -> EA | H89: ='Option Year 3'!E9 -> 0 | I89: ='Option Year 3'!F9 -> 0
A90: OY3 | B90: ='Option Year 3'!B13 -> 22012 | C90: ='Option Year 3'!A2 -> TRANSPORTATION | D90: ='Option Year 3'!A11 -> 3003 | E90: ='Option Year 3'!B11 -> Labor - Direct Contractor | F90: ='Option Year 3'!C11 -> 50 | G90: ='Option Year 3'!D11 -> HR | H90: ='Option Year 3'!E11 -> 0 | I90: ='Option Year 3'!F11 -> 0
A91: OY3 | B91: ='Option Year 3'!B13 -> 22012 | C91: ='Option Year 3'!A2 -> TRANSPORTATION | D91: ='Option Year 3'!A12 -> 3004 | E91: ='Option Year 3'!B12 -> Packaging Services | F91: ='Option Year 3'!C12 -> 55000 | G91: ='Option Year 3'!D12 -> STO | H91: ='Option Year 3'!E12 -> FFP (TBD) | I91: ='Option Year 3'!F12 -> 55000
A92: OY3 | B92: ='Option Year 3'!B17 -> 21016 | C92: ='Option Year 3'!A14 -> TRAVEL | D92: ='Option Year 3'!A16 -> 3005 | E92: ='Option Year 3'!B16 -> Travel | F92: ='Option Year 3'!C16 -> 27500 | G92: ='Option Year 3'!D16 -> STO | H92: ='Option Year 3'!E16 -> FFP (TBD) | I92: ='Option Year 3'!F16 -> 27500
A93: OY3 | B93: ='Option Year 3'!B29 -> 25105 | C93: ='Option Year 3'!A18 -> APPRAISALS SERVICES | D93: ='Option Year 3'!A20 -> 3006 | E93: ='Option Year 3'!B20&" - "&'Option Year 3'!B21 -> Certified Appraisal - Apprasal Services | F93: ='Option Year 3'!C21 -> 552500 | G93: ='Option Year 3'!D21 -> STO | H93: ='Option Year 3'!E21 -> FFP (TBD) | I93: ='Option Year 3'!F21 -> 552500
A94: OY3 | B94: ='Option Year 3'!B29 -> 25105 | C94: ='Option Year 3'!A18 -> APPRAISALS SERVICES | D94: ='Option Year 3'!A20 -> 3006 | E94: ='Option Year 3'!B20&" - "&'Option Year 3'!B22 -> Certified Appraisal - Administrative Fee | G94: ='Option Year 3'!D22 -> Fix Fee | H94: ='Option Year 3'!E22 -> 0.05 | I94: ='Option Year 3'!F22 -> 27625
A95: OY3 | B95: ='Option Year 3'!B29 -> 25105 | C95: ='Option Year 3'!A18 -> APPRAISALS SERVICES | D95: ='Option Year 3'!A24 -> 3007 | E95: ='Option Year 3'!B24 -> Legal and Court Testimony | F95: ='Option Year 3'!C24 -> 50 | G95: ='Option Year 3'!D24 -> HR | H95: ='Option Year 3'!E24 -> 0 | I95: ='Option Year 3'!F24 -> 0
A96: OY3 | B96: ='Option Year 3'!B29 -> 25105 | C96: ='Option Year 3'!A18 -> APPRAISALS SERVICES | D96: ='Option Year 3'!A25 -> 3008 | E96: ='Option Year 3'!B25 -> Diamond and Gemstone Certification | F96: ='Option Year 3'!C25 -> 16500 | G96: ='Option Year 3'!D25 -> STO | H96: ='Option Year 3'!E25 -> FFP (TBD) | I96: ='Option Year 3'!F25 -> 16500
A97: OY3 | B97: ='Option Year 3'!B29 -> 25105 | C97: ='Option Year 3'!A18 -> APPRAISALS SERVICES | D97: ='Option Year 3'!A26 -> 3009 | E97: ='Option Year 3'!B26 -> Consultation Services | F97: ='Option Year 3'!C26 -> 55000 | G97: ='Option Year 3'!D26 -> STO | H97: ='Option Year 3'!E26 -> FFP (TBD) | I97: ='Option Year 3'!F26 -> 55000
A98: OY3 | B98: ='Option Year 3'!B29 -> 25105 | C98: ='Option Year 3'!A18 -> APPRAISALS SERVICES | D98: ='Option Year 3'!A27 -> 3010 | E98: ='Option Year 3'!B27 -> System Charges | F98: ='Option Year 3'!C27 -> 215000 | G98: ='Option Year 3'!D27 -> STO | H98: ='Option Year 3'!E27 -> FFP (TBD) | I98: ='Option Year 3'!F27 -> 215000
A99: OY3 | B99: ='Option Year 3'!B29 -> 25105 | C99: ='Option Year 3'!A18 -> APPRAISALS SERVICES | D99: ='Option Year 3'!A28 -> 3011 | E99: ='Option Year 3'!B28 -> Miscellaneous Expenses | F99: ='Option Year 3'!C28 -> 16500 | G99: ='Option Year 3'!D28 -> STO | H99: ='Option Year 3'!E28 -> FFP (TBD) | I99: ='Option Year 3'!F28 -> 16500
A100: OY3 | B100: ='Option Year 3'!B35 -> 25715 | C100: ='Option Year 3'!A30 -> STORAGE | D100: ='Option Year 3'!A32 -> 3012 | E100: ='Option Year 3'!B32 -> Alternate Storage Location | F100: ='Option Year 3'!C32 -> 220000 | G100: ='Option Year 3'!D32 -> STO | H100: ='Option Year 3'!E32 -> FFP (TBD) | I100: ='Option Year 3'!F32 -> 220000
...
